 Dungeon Crawl Stone Soup version 0.31-a0-246-g8cbcc1cb85 (webtiles) character file.

Game seed: 18345815401827688985

124 qw the Shooter (level 4, -1/36 HPs)
             Began as a Minotaur Hexslinger on July 12, 2023.
             Slain by an orc wizard
             ... wielding a +0 dagger
              (3 damage)
             ... on level 2 of the Dungeon.
             The game lasted 00:00:39 (1598 turns).

qw the Shooter (Minotaur Hexslinger)                Turns: 1598, Time: 00:00:39

Health: -1/36      AC:  5    Str: 19    XL:     4   Next: 81%
Magic:  4/4        EV: 11    Int: 10    God:
Gold:   127        SH:  0    Dex: 14    Spells: 4/5 levels left

rFire   . . .        Y - +1 sling
rCold   . . .        (no shield)
rNeg    . . .        i - +0 ring mail
rPois   .            (helmet restricted)
rElec   .            e - scarf {repulsion}
rCorr   .            (no gloves)
SInv    .            (no boots)
Will    .....        f - amulet of faith
Stlth   +            b - +6 ring of strength
HPRegen 0.26/turn    (no ring)
MPRegen 0.09/turn

%: repel missiles, faith
@: no status effects
A: horns 2, retaliatory headbutt
a: no special abilities


You were on level 2 of the Dungeon.
You visited 1 branch of the dungeon, and saw 2 of its levels.

You collected 127 gold pieces.


Innate Abilities, Weirdness & Mutations

You have a pair of horns on your head.
You reflexively headbutt those who attack you in melee.


   Skills:
 + Level 2.1 Fighting
 - Level 5.3 Ranged Weapons
 - Level 2.1 Dodging
 - Level 1.0 Spellcasting
 - Level 2.0 Hexes


You had 4 spell levels left.
You knew the following spells:

 Your Spells              Type           Power      Damage    Failure   Level
a - Slow                  Hex            16%        N/A       26%         1

Your spell library contained the following spells:

 Spells                   Type           Power      Damage    Failure   Level
 Inner Flame              Hex/Fire       2%         N/A       75%         3
 Portal Projectile        Hex/Tloc       4%         N/A       75%         3
 Cause Fear               Hex            2%         N/A       95%         4

Inventory:

Hand Weapons
 Y - a +1 sling (weapon)
Armour
 e - a scarf of repulsion (worn)
 i - a +0 ring mail (worn)
Jewellery
 b - a +6 ring of strength (left hand)
 f - an amulet of faith (around neck)
Scrolls
 a - 2 scrolls of identify
Potions
 g - a potion of curing
 h - a potion of lignification {unknown}

Dungeon Overview and Level Annotations

Branches:
Dungeon (2/15)

Altars:


Message History

You shoot a sling bullet.
The sling bullet hits the orc priest but does no damage.
The orc wizard casts a spell.
The orc wizard flickers and vanishes!
Deactivating autopickup; reactivate with Ctrl-A.
You shoot a sling bullet. The sling bullet hits the orc priest.
The orc priest is heavily wounded.
The orc priest mumbles some strange prayers to Beogh against you.
Beogh smites you!
The orc priest hits you with a +0 hand axe.
You shoot a sling bullet. The sling bullet hits the orc priest.
The orc priest is severely wounded.
Something hits you.
The orc priest hits you but does no damage.
Something hits you but does no damage.
You shoot a sling bullet. The sling bullet hits the orc priest.
You kill the orc priest!
Your Ranged Weapons skill increases to level 5!
You shoot a sling bullet.
The sling bullet closely misses the orc.
The sling bullet hits the orc.
The orc is moderately wounded.
You hear some strange, mumbled words.
A puff of flame appears from out of thin air!
The puff of flame hits you. The orc hits you with a +0 hand axe.
You shoot a sling bullet. The sling bullet hits the orc.
The orc is heavily wounded.
Something hits you. The orc hits you with a +0 hand axe.
You shoot a sling bullet. The sling bullet hits the orc.
The orc is severely wounded.
Something hits you. The orc misses you. You furiously retaliate!
You headbutt the orc.
You kill the orc!
Something hits you but does no damage.
You shoot a sling bullet. The sling bullet hits the orc.
The orc is heavily wounded.
The orc closely misses you. You furiously retaliate!
You headbutt the orc!
You kill the orc!
Something hits you.
You die...

####....##.oooo
#.##.###
##.#.#......
#.##.#.>
#.#.#.~...~.#.##....
#.#.#.......#.####..
#.#.#...... #.# ##.
#.#.# .... #.# #.
#...# ~...~ #.# ###)
#..{#...... #...
#.[@))..... #.##
#..####...# #.# #..#
## #.## #..# #...
#..# #... #..# #...
.... #... .## #...
#.##


There were no monsters in sight!

Vanquished Creatures
  An orc priest (D:2)
  Jessica (D:2)
  2 adders (D:2)
  A dart slug (D:1)
  3 orcs (D:2)
  8 ball pythons
  5 endoplasms
  2 giant cockroaches
  5 goblins
  4 hobgoblins
  3 kobolds (D:1)
  3 quokkas
  2 bats
  5 frilled lizards (D:1)
  2 rats
47 creatures vanquished.

Notes
Turn   | Place    | Note
-------+----------+-------------------------------------------
     0 | D:1      | qw the Minotaur Hexslinger began the quest for the Orb.
     0 | D:1      | Reached XP level 1. HP: 16/16 MP: 1/1
     0 | D:1      | 0 ||| qw: Version: 0.3-a-52-g30416fa
     0 | D:1      | 0 ||| qw: Game counter: 6385
     0 | D:1      | 0 ||| qw: Melee chars always use a shield: true
     0 | D:1      | 0 ||| qw: God list: Okawaru
     0 | D:1      | 0 ||| qw: Allow faded altars: false
     0 | D:1      | 0 ||| qw: Do Orc after clearing Dungeon:15 true
     0 | D:1      | 0 ||| qw: Do second Lair branch before Depths: true
     0 | D:1      | 0 ||| qw: Lair rune preference: random
     0 | D:1      | 0 ||| qw: Goals: Normal
     0 | D:1      | 0 ||| PLANNING D:1-11
   130 | D:1      | Reached skill level 3 in Ranged Weapons
   145 | D:1      | Reached XP level 2. HP: 23/23 MP: 2/2
   494 | D:1      | Reached XP level 3. HP: 29/29 MP: 3/3
   945 | D:1      | 945 ||| UPGRADING to scarf of repulsion.
   950 | D:1      | 950 ||| READING scroll labelled GUEKLA KAEL.
   951 | D:1      | 951 ||| READING scroll labelled MOAHI TULIAH.
   952 | D:1      | 952 ||| DRINKING 2 cyan potions.
   953 | D:1      | 953 ||| DROPPING scroll of poison.
   954 | D:1      | 954 ||| DROPPING potion of brilliance.
  1088 | D:2      | Noticed Jessica
  1096 | D:2      | Killed Jessica
  1097 | D:2      | Reached skill level 4 in Ranged Weapons
  1118 | D:2      | Reached XP level 4. HP: 32/36 MP: 4/4
  1489 | D:2      | 1489 ||| UPGRADING to +0 leather armour.
  1490 | D:2      | 1490 ||| UPGRADING to +0 leather armour.
  1491 | D:2      | 1491 ||| UPGRADING to +0 leather armour.
  1501 | D:2      | 1501 ||| DROPPING +0 robe.
  1502 | D:2      | 1502 ||| UPGRADING to +0 ring mail.
  1512 | D:2      | 1512 ||| DROPPING +0 leather armour.
  1513 | D:2      | 1513 ||| UPGRADING to amulet of faith.
  1518 | D:2      | 1518 ||| UPGRADING to +6 ring of strength.
  1519 | D:2      | 1519 ||| READING scroll labelled PETTIOBRUP.
  1520 | D:2      | 1520 ||| DRINKING 2 emerald potions.
  1581 | D:2      | 1581 ||| Stepping ~*~*~tactically~*~*~ (outnumbered).
  1583 | D:2      | 1583 ||| Stepping ~*~*~tactically~*~*~ (outnumbered).
  1585 | D:2      | 1585 ||| Stepping ~*~*~tactically~*~*~ (outnumbered).
  1587 | D:2      | 1587 ||| Stepping ~*~*~tactically~*~*~ (outnumbered).
  1595 | D:2      | Reached skill level 5 in Ranged Weapons
  1596 | D:2      | HP: 8/36 [something (2)]
  1597 | D:2      | HP: 1/36 [something (3)]
  1598 | D:2      | Slain by an orc wizard

Levels and vault maps discovered:
D:1:      elethiomel_arrival_maze, layout_basic, dk_noncrumbling_4
D:2:      cheibrodos_pilgrimage, layout_loops_ring, nrook_mini_vaults,
          uniq_jessica

Skill      XL: |  1  2  3  4 |
---------------+-------------+-----
Ranged Weapons | 3 4 5 |  5.3
Fighting       | 2 |  2.1
Dodging        | |  2.1
Spellcasting   | |  1.0
Hexes          | |  2.0

Action                     |  1- 3 |  4- 6 || total
---------------------------+-------+-------++-------
   Fire: Sling             |    95 |    38 ||   133
    Use: Scroll            |     2 |     1 ||     3
         Potion            |     1 |     1 ||     2
 Armour: Robe              |     3 |     6 ||     9
         Ring mail         |       |     3 ||     3
  Dodge: Dodged            |    13 |    15 ||    28

Table legend:
 A = Non-vault XP
 B = Vault XP
 C = Vault XP percentage of total XP
 D = Non-vault monster count
 E = Vault monster count
 F = Vault count percentage of total count
                 A         B        C        D         E       F
            +---------+---------+-------+---------+---------+-------
      Total |      94 |      87 |  48.1 |      42 |       5 |  10.6
            +---------+---------+-------+---------+---------+-------
        D:1 |      46 |       0 |   0.0 |      28 |       0 |   0.0
        D:2 |      48 |      87 |  64.4 |      14 |       5 |  26.3
            +---------+---------+-------+---------+---------+-------
